 Dungeon Crawl Stone Soup version 0.17-a0-1738-g82cdc46 (webtiles) character file.

131637 KambridgeKobold the Tortoise (level 16, -1/147 HPs)
             Began as a Minotaur Fighter on Aug 30, 2015.
             Was the Champion of Ru.
             Slain by a naga mage
             ... wielding a +0 spear
              (3 damage)
             ... on level 2 of the Snake Pit.
             The game lasted 03:43:05 (40323 turns).

KambridgeKobold the Tortoise (Minotaur Fighter)    Turns: 40323, Time: 03:43:05

Health: -1/147     AC: 26    Str: 23    XL:     16   Next: 55%
Magic:  22/24      EV:  2    Int: 11    God:    Ru [******]
Gold:   4124       SH: 12    Dex: 12    Spells: 1 memorised, 27 levels left

rFire  + . .     SeeInvis .     I - +10 morningstar of Waonwirr {freeze, rC+ Int+3}
rCold  + . .     Clarity  +     U - +0 plate armour
rNeg   . . .     SustAt   .     c - +0 shield
rPois  +         Gourm    .     (helmet restricted)
rElec  .         Spirit   .     A - +0 cloak {rF+}
rCorr  .         Warding  .     (no gloves)
rMut   .         Stasis   .     w - +1 pair of boots
MR     .....                    f - amulet of regeneration
Stlth  ..........               T - +4 ring of protection
                                Z - ring of poison resistance

@: lethally poisoned (-1 -> -5), exhausted, no scrolls, slowed, drained, very
slow, not resistant to hostile enchantments, extremely unstealthy
A: retaliatory headbutt, horns 2, clarity, inability to read while threatened,
hated by all, inability to train dodging, magic vulnerability 1, unskilled 1,
missing an eye
a: Draw Out Power, Power Leap, Apocalypse, Renounce Religion


You were on level 2 of the Snake Pit.
You worshipped Ru.
Ru was exalted by your worship.
You were not hungry.

You visited 4 branches of the dungeon, and saw 28 of its levels.
You also visited: Labyrinth, Ice Cave and Volcano.

You collected 4220 gold pieces.
You spent 96 gold pieces at shops.

Inventory:

Hand weapons
 E - a +0 great mace of flaming
 G - a +3 flail of protection
 I - the +10 morningstar of Waonwirr (weapon) {freeze, rC+ Int+3}
   (You found it in a labyrinth)

   It has been specially enchanted to freeze those struck by it, causing extra
   injury to most foes and up to half again as much damage against particularly
   susceptible opponents.
   It can also slow down cold-blooded creatures.
   It affects your intelligence (+3).
   It protects you from cold.
Missiles
 H - 11 tomahawks (quivered)
Armour
 c - a +0 shield (worn)
 w - a +1 pair of boots (worn)
 A - a +0 cloak of fire resistance (worn)
 U - a +0 plate armour (worn)
Jewellery
 f - an amulet of regeneration (around neck)
 u - an uncursed ring of flight
 y - an uncursed amulet of resist mutation
 D - the ring "Uplukhlea" {MR- Str+6 Int+3}
   (You found it on level 4 of the Dungeon)

   [ring of intelligence]

   It affects your strength (+6).
   It affects your intelligence (+3).
   It affects your resistance to hostile enchantments.
 L - an uncursed amulet of stasis
 Q - an uncursed ring of protection from fire
 R - an uncursed ring of positive energy
 T - a +4 ring of protection (right hand)
 Z - a ring of poison resistance (left hand)
Magical devices
 b - a wand of polymorph (6)
 g - a wand of digging (6)
 i - a wand of fire (4)
 m - a wand of paralysis (15)
 M - a wand of heal wounds (5)
 X - a wand of disintegration (5)
Scrolls
 k - 3 scrolls of immolation
 o - 9 scrolls of remove curse
 p - a scroll of enchant armour
 s - 2 scrolls of recharging
 t - 4 scrolls of enchant weapon
 v - 2 scrolls of fear
 x - 8 scrolls of teleportation
 F - a scroll of brand weapon {unknown}
 O - 4 scrolls of fog
 P - 3 scrolls of magic mapping
 W - 2 scrolls of identify
Potions
 d - a potion of might
 n - 2 potions of flight
 q - 2 potions of agility
 r - a potion of haste
 z - a potion of invisibility
 B - 2 potions of resistance
 J - a potion of magic
 N - 6 potions of lignification
 S - 6 potions of berserk rage
 Y - 3 potions of curing
Miscellaneous
 h - a phial of floods
 V - a disc of storms
Comestibles
 e - 13 bread rations
 j - 5 beef jerkies
 l - 14 royal jellies
 C - 16 meat rations
 K - 9 fruits


   Skills:
 + Level 14.4(14.3) Fighting
 - Level 14.5(14.4) Maces & Flails
   Level 3.4(3.3) Polearms
 + Level 17.5(17.3) Armour
 - Level 10.2(10.1) Shields
 + Level 6.6(6.5) Spellcasting
 - Level 4.0(3.8) Translocations
 - Level 7.2(7.1) Evocations


You had 27 spell levels left.
You knew the following spells:

 Your Spells              Type           Power        Failure   Level  Hunger
a - Apportation           Tloc           ##........   52%         1    None


Dungeon Overview and Level Annotations

Branches:
Dungeon (14/15)            Temple (0/1) D:4            Lair (8/8) D:10
  Swamp (0/4) Lair:4        Snake (2/4) Lair:3        Slime (0/6) Lair:6
    Orc (4/4) D:11            Elf (0/3) Orc:3        Vaults (0/5) D:13

Altars:
Elyvilon
Fedhas
Kikubaaqudgha
Makhleb
Okawaru
Ru
Sif Muna
Trog
Vehumet
Zin
The Shining One
Jiyva

Shops:
D:13 %

Annotations:
Lair:6 1 runed door, exclusion: door
Orc:4 Sonja


Innate Abilities, Weirdness & Mutations

You reflexively headbutt those who attack you in melee.
You have a pair of horns on your head.
You cannot read scrolls while threatened.
You are hated by all.
You cannot train Dodging skill.
You are slightly vulnerable to magic.
You are somewhat unskilled (-1 Apt).
You are missing an eye, making it more difficult to aim.
You possess an exceptional clarity of mind.


Message History

The bolt of electricity hits you!
You feel threatened and lose the ability to read scrolls!
* * * LOW HITPOINT WARNING * * *
The naga mage spits poison at you. The splash of poison hits you!
You are more poisoned.
You resist.
The shock serpent shoots out a bolt of lightning at you!
The bolt of electricity hits you!
* * * LOW HITPOINT WARNING * * *
You see here a flail.
* * * LOW HITPOINT WARNING * * *
You feel very sick.
The naga mage is no longer moving slowly.
There is a stone staircase leading up, spattered with blood here.
* * * LOW HITPOINT WARNING * * *
You feel sick.
The shock serpent bites you but does no damage.
The naga mage hits you from afar with a spear.
You die...

#.#....#.......###.......
#.#....#.................
#.....................##.
#..........#....##..#..##
##.......#.#....###.##...#
#..#.#...........##....#..
#..#.>#.................##
#..#.............#........
#........@S.N...##...#....
#.../.)....N.N..#......#..
#.....)......#.##......#..
#...........##.##.........
#..........#........N..##.
#...........#.#........##.
#..##..##....##..N...##...
##..##..##..###.#...#..##..
#...##..##..##.#......#....


You could see a naga warrior, a shock serpent, a naga mage and a naga.

Vanquished Creatures
  Norris (Snake:2)
  Kirke (Snake:2)
  The ghost of George the Fencer, a mighty MiGl of Okawaru (Snake:1)
  A greater naga (Snake:2)
  Snorg (Orc:2)
  4 vault guards (D:13)
  2 fire dragons
  A minotaur (Lab)
  5 hydras
  Harold (Orc:2)
  4 naga warriors
  A centaur warrior (D:12)
  The ghost of Noname the Grappler, an experienced TrCK of Xom (D:10)
  5 anacondas
  11 death yaks
  An ogre mage (Volcano)
  2 naga sharpshooters
  4 shock serpents (Snake:1)
  An unseen horror (D:12)
  2 naga ritualists (Snake:1)
  3 ice statues (IceCv)
  Pikel (D:5)
  7 hill giants
  2 lindwurms
  The ghost of 4thArraOfDagon the Cleaver, an experienced VSBe of Trog (Lair:2)
  3 orc sorcerers
  An orc knight (Orc:1)
  3 salamanders
  4 cyclopes
  8 griffons
  22 elephants
  3 mana vipers
  5 ugly things
  Maurice (D:8)
  21 black mambas
  2 guardian serpents (Snake:2)
  Joseph (D:10)
  11 spiny frogs
  5 naga magi
  2 molten gargoyles (Volcano)
  4 gargoyles (Lab)
  7 torpor snails
  2 kobold demonologists (D:12)
  A fire drake (Lair:5)
  4 komodo dragons
  6 giant leeches
  8 polar bears (Lair:8)
  A boulder beetle (Lair:6)
  Prince Ribbit (D:8)
  6 two-headed ogres
  12 blink frogs
  6 slime creatures (D:12)
  A vampire (D:10)
  A raiju (Lair:8)
  A trapdoor spider zombie (D:9)
  Sigmund (D:2)
  2 wraiths (D:10)
  11 wyverns
  A trapdoor spider (Lab)
  2 shadows
  3 steam dragons
  4 hungry ghosts
  43 yaks
  5 hogs (Snake:2)
  3 fire bats (Volcano)
  3 humans
  Grum (D:8)
  22 hippogriffs
  8 basilisks
  12 swamp worms
  7 wargs (Lair:8)
  22 nagas
  2 slaves (D:5)
  24 wolves
  14 water moccasins
  6 wasps
  4 hell hounds (Lair:8)
  Purgy (D:4)
  5 phantoms
  16 black bears
  An eye of draining (D:12)
  4 porcupines
  23 orc warriors
  22 ice beasts
  A necrophage (D:11)
  The ghost of cmdexe the Skirmisher, an average DsFi (D:4)
  2 centaurs
  A sky beast (D:5)
  18 crocodiles
  6 big kobolds
  The ghost of Baka the Covered, an average GrFi (D:3)
  Blork the orc (D:4)
  30 giant frogs
  4 brain worms (Lair:8)
  A gnoll sergeant (D:12)
  19 ogres
  5 wights
  12 killer bees
  6 scorpions
  A vampire bat (Lair:3)
  8 crimson imps
  A lava snake (Volcano)
  An electric eel (Lair:6)
  2 centaur zombies
  27 orc priests
  5 jellies
  3 quasits
  6 giant frog skeletons
  20 hounds
  32 orc wizards
  18 iguanas
  Jessica (D:2)
  10 worker ants
  3 centaur skeletons
  5 hell rats (Lair:3)
  Natasha (D:2)
  3 sheep (D:8)
  3 hound skeletons
  A worker ant zombie (D:8)
  9 adders
  50 river rats
  2 shadow imps
  3 oozes
  2 adder skeletons
  25 worms
  5 giant geckos
  190 orcs
  13 bats
  5 giant cockroaches
  4 hobgoblins (D:1)
  17 jackals
  22 kobolds
  4 quokkas
  2 giant gecko skeletons
  2 giant newts
  3 goblins
  A quokka zombie (D:6)
  10 rats
  10 fungi (Lair:8)
  9 plants
1136 creatures vanquished.

Vanquished Creatures (others)
  A naga warrior (Snake:2)
  A hydra (D:12)
  A death yak (Lair:4)
  A mana viper (Snake:2)
  A black mamba (Snake:2)
  An elephant (Lair:7)
  A guardian serpent (Snake:2)
  2 fire drakes (Lair:5)
  A two-headed ogre (D:12)
  A polar bear (Lair:8)
  A wolf (Lair:8)
  A porcupine (Lair:1)
  An ogre (Orc:2)
  A black bear (Lair:8)
  A slave (D:5)
  A centaur (D:9)
  An orc wizard (D:11)
  An adder (D:5)
  3 river rats (Lair:5)
  A worm (Lair:8)
  3 orcs
  A kobold (D:11)
  19 fungi
  37 plants
83 creatures vanquished.

Grand Total: 1219 creatures vanquished

Notes
Turn   | Place    | Note
--------------------------------------------------------------
     0 | D:1      | KambridgeKobold the Minotaur Fighter began the quest for the Orb.
     0 | D:1      | Reached XP level 1. HP: 19/19 MP: 0/0
   114 | D:1      | Reached XP level 2. HP: 18/27 MP: 1/1
   468 | D:1      | Reached skill level 4 in Fighting
   819 | D:2      | Noticed Sigmund
   836 | D:2      | Killed Sigmund
   836 | D:2      | Reached XP level 3. HP: 16/35 MP: 2/2
   836 | D:2      | Reached XP level 4. HP: 18/41 MP: 3/3
   836 | D:2      | Reached XP level 5. HP: 20/47 MP: 4/4
  1103 | D:2      | Noticed Jessica
  1112 | D:2      | Killed Jessica
  1112 | D:2      | Reached skill level 5 in Fighting
  1112 | D:2      | Reached skill level 5 in Shields
  1364 | D:2      | Noticed Natasha
  1375 | D:2      | Killed Natasha
  1375 | D:2      | Reached skill level 5 in Armour
  1827 | D:3      | Noticed Baka's ghost (average GrFi)
  1852 | D:3      | Killed Baka's ghost
  1852 | D:3      | Reached XP level 6. HP: 23/56 MP: 5/5
  2541 | D:3      | Found a sacrificial altar of Ru.
  2648 | D:3      | Became a worshipper of Ru the Awakened
  2749 | D:4      | Found a staircase to the Ecumenical Temple.
  2752 | D:4      | Noticed cmdexe's ghost (average DsFi)
  2768 | D:4      | Killed cmdexe's ghost
  2963 | D:4      | Noticed an angel
  2994 | D:4      | Got a warped brass ring
  2995 | D:4      | Identified the ring "Uplukhlea" {MR- Str+6 Int+3} (You found it on level 4 of the Dungeon)
  3046 | D:4      | Reached skill level 5 in Maces & Flails
  3078 | D:4      | Noticed Purgy
  3096 | D:4      | Killed Purgy
  3096 | D:4      | Reached skill level 6 in Armour
  3096 | D:4      | Reached XP level 7. HP: 48/62 MP: 6/6
  3230 | D:4      | Noticed Blork the orc
  3257 | D:4      | HP: 2/62 [Blork the orc/puff of flame (5)]
  3559 | D:4      | Killed Blork the orc
  3662 | D:4      | Noticed a rust devil
  4259 | D:5      | Entered Level 5 of the Dungeon
  4297 | D:5      | Gained mutation: You are somewhat unskilled (-1 Apt). [Ru sacrifice]
  4297 | D:5      | Reduced skill Fighting to level 5
  4297 | D:5      | Reduced skill Shields to level 5
  4297 | D:5      | Acquired Ru's first power
  4507 | D:5      | Reached XP level 8. HP: 63/69 MP: 7/7
  4552 | D:5      | Noticed Pikel
  4606 | D:5      | Killed Pikel
  4606 | D:5      | Reached skill level 7 in Armour
  4881 | D:5      | Found a white marble altar of Elyvilon.
  5477 | D:6      | Found a blossoming altar of Fedhas.
  5577 | D:6      | Reached XP level 9. HP: 46/74 MP: 8/8
  6115 | D:6      | Found a bloodstained altar of Trog.
  6371 | D:6      | Reached skill level 8 in Armour
  7084 | D:7      | Paralysed by a wight for 7 turns
  7316 | D:7      | Found a sacrificial altar of Ru.
  7347 | D:7      | Gained mutation: You cannot read scrolls while threatened. [Ru sacrifice]
  7347 | D:7      | Acquired Ru's second power
  8072 | D:7      | Reached skill level 9 in Armour
  8222 | D:8      | Noticed Prince Ribbit
  8242 | D:8      | Killed Prince Ribbit
  8251 | D:8      | Noticed Maurice
  8259 | D:8      | Killed Maurice
  8260 | D:8      | Found a radiant altar of Vehumet.
  8576 | D:8      | Reached XP level 10. HP: 42/81 MP: 9/9
  9581 | D:8      | Found a glowing golden altar of the Shining One.
  9601 | D:8      | Found an iron altar of Okawaru.
  9602 | D:8      | Found a deep blue altar of Sif Muna.
  9605 | D:8      | Noticed a cyclops
  9631 | D:8      | Killed a cyclops
  9851 | D:8      | Noticed Grum
  9875 | D:8      | Reached skill level 10 in Armour
  9902 | D:8      | Killed Grum
  9902 | D:8      | Reached skill level 10 in Maces & Flails
  9902 | D:8      | Reached skill level 10 in Shields
 10588 | D:9      | Gained mutation: You are missing an eye, making it more difficult to aim. [Ru sacrifice]
 10588 | D:9      | Acquired Ru's third power
 10606 | D:9      | Found a glowing silver altar of Zin.
 11608 | D:9      | Reached XP level 11. HP: 88/91 MP: 10/10
 11704 | D:10     | Entered Level 10 of the Dungeon
 11841 | D:10     | Noticed Noname's ghost (experienced TrCK)
 11943 | D:10     | Killed Noname's ghost
 11943 | D:10     | Reached skill level 11 in Maces & Flails
 12187 | D:10     | Noticed Joseph
 12210 | D:10     | Killed Joseph
 12261 | D:10     | Found a staircase to the Lair.
 12455 | D:10     | Found a burning altar of Makhleb.
 12457 | D:10     | Noticed a green death
 12895 | D:11     | Gained mutation: You are hated by all. [Ru sacrifice]
 12895 | D:11     | Acquired Ru's fourth power
 12898 | D:11     | Noticed a six-headed hydra
 12898 | D:11     | Noticed a hill giant
 12915 | D:11     | Killed a hill giant
 13225 | D:11     | Killed a six-headed hydra
 13772 | D:11     | Found a staircase to the Orcish Mines.
 13982 | D:11     | Reached skill level 12 in Maces & Flails
 14329 | Orc:1    | Entered Level 1 of the Orcish Mines
 15013 | D:12     | Reached XP level 12. HP: 104/104 MP: 11/11
 15023 | D:12     | Gained mutation: You are slightly vulnerable to magic. [Ru sacrifice]
 15023 | D:12     | Acquired Ru's fifth power
 15100 | D:12     | Noticed a hill giant
 15108 | D:12     | Killed a hill giant
 15546 | D:12     | Noticed an eight-headed hydra
 15552 | D:12     | Killed an eight-headed hydra
 15832 | D:12     | Reached skill level 10 in Fighting
 16016 | D:12     | Noticed a hill giant
 16027 | D:12     | Killed a hill giant
 16027 | D:12     | Reached skill level 13 in Maces & Flails
 16060 | D:12     | Noticed a centaur warrior
 16070 | D:12     | Killed an unseen horror
 16076 | D:12     | Killed a centaur warrior
 16166 | D:12     | Gained mutation: You possess an exceptional clarity of mind. [potion of beneficial mutation]
 16732 | D:12     | Noticed a hill giant
 16740 | D:12     | Killed a hill giant
 16838 | Orc:1    | Paralysed by an orc sorcerer for 6 turns
 16846 | Orc:1    | Reached skill level 14 in Maces & Flails
 17495 | Orc:2    | Noticed Snorg
 17523 | Orc:2    | Killed Snorg
 17534 | Orc:2    | Reached XP level 13. HP: 67/113 MP: 8/12
 17587 | Orc:2    | Noticed Harold
 17616 | Orc:2    | Killed Harold
 17925 | Orc:2    | Gained mutation: You cannot train Dodging skill. [Ru sacrifice]
 18377 | Orc:3    | Found a staircase to the Elven Halls.
 19083 | Orc:4    | Entered Level 4 of the Orcish Mines
 19140 | Orc:3    | Found a radiant altar of Vehumet.
 19847 | Orc:4    | Noticed Sonja
 19907 | Orc:4    | HP: 3/114 [orc sorcerer/bolt of negative energy (24)]
 19916 | Orc:4    | HP: 2/114 [orc priest/divine providence (11)]
 20687 | D:13     | Found a frozen archway.
 20689 | D:13     | Found Gizuhisi's Food Boutique.
 20744 | IceCv    | Entered an ice cave
 22220 | IceCv    | Reached skill level 1 in Polearms
 22247 | IceCv    | Got a brightly glowing steel ring
 22249 | IceCv    | Identified the ring of Imuwn {rN+ Stlth+} (You found it in an ice cave)
 22312 | D:13     | Bought 2 fruits for 36 gold pieces
 22312 | D:13     | Bought a meat ration for 60 gold pieces
 22546 | D:13     | Found a gate to the Vaults.
 22833 | Lair:1   | Entered Level 1 of the Lair of Beasts
 22881 | Lair:1   | Found a labyrinth entrance.
 22989 | Lab      | Entered a labyrinth
 23973 | Lab      | Identified the Grimoire of Torrid Attacks (You found it in a labyrinth)
 23997 | Lab      | Got a fine morningstar
 23998 | Lab      | Identified the +10 morningstar of Waonwirr {freeze, rC+ Int+3} (You found it in a labyrinth)
 24310 | Lair:1   | Reached skill level 1 in Evocations
 25057 | Lair:1   | Reached XP level 14. HP: 95/126 MP: 9/15
 25487 | Lair:2   | Noticed 4thArraOfDagon's ghost (experienced VSBe)
 25494 | Lair:2   | Killed 4thArraOfDagon's ghost
 26019 | Lair:3   | Reached skill level 5 in Evocations
 26513 | Lair:3   | Found a staircase to the Snake Pit.
 26568 | Lair:3   | Got a steaming graven amulet
 26570 | Lair:3   | Identified the amulet of Byeniwej {Inacc rC- Str+5 Dex+4} (You found it on level 3 of the Lair of Beasts)
 27197 | Lair:4   | Learned a level 1 spell: Apportation
 27219 | Lair:4   | Reached skill level 15 in Armour
 27239 | Lair:4   | Reached skill level 1 in Translocations
 28269 | Lair:4   | Found a staircase to the Swamp.
 28973 | Lair:5   | HP: 1/126 [fire drake/blast of flame (21)]
 28999 | Lair:6   | HP: 3/126 [wyvern (11)]
 29488 | Lair:6   | Found a dark tunnel.
 29497 | Volcano  | Entered a volcano
 30007 | Volcano  | Found a radiant altar of Vehumet.
 30967 | Lair:6   | Found a runed door.
 30967 | Lair:6   | Found a viscous altar of Jiyva.
 30967 | Lair:6   | Found a staircase to the Slime Pits.
 30967 | Lair:6   | Noticed an acid blob
 31998 | Lair:6   | Reached skill level 1 in Spellcasting
 31998 | Lair:6   | Reached XP level 15. HP: 134/134 MP: 13/19
 32121 | Lair:6   | Identified the Reference Book on Talismans and Orientation (You found it on level 6 of the Lair of Beasts)
 32384 | Lair:7   | Reached skill level 16 in Armour
 33081 | Lair:8   | Entered Level 8 of the Lair of Beasts
 34988 | Lair:8   | Found a runed door.
 35258 | Lair:8   | Got a faintly glowing ring mail
 35269 | Lair:8   | Identified the +2 ring mail of the Stars {-Tele Regen+ Int+5} (You found it on level 8 of the Lair of Beasts)
 36732 | Snake:1  | Entered Level 1 of the Snake Pit
 36852 | Snake:1  | Reached skill level 5 in Spellcasting
 37517 | Snake:1  | Reached XP level 16. HP: 115/144 MP: 23/23
 37735 | Snake:1  | Noticed George's ghost (mighty MiGl)
 37782 | Snake:1  | Killed George's ghost
 38068 | Snake:1  | Reached skill level 17 in Armour
 38520 | Snake:1  | Found an ancient bone altar of Kikubaaqudgha.
 38902 | Snake:2  | Noticed Norris
 39393 | Snake:2  | Noticed Kirke
 39404 | Snake:2  | Killed Kirke
 39549 | Snake:2  | Paralysed by Norris for 5 turns
 39567 | Snake:2  | Paralysed by something for 6 turns
 39585 | Snake:2  | Killed Norris
 40321 | Snake:2  | HP: 4/147 [shock serpent/bolt of electricity (15)]
 40323 | Snake:2  | Slain by a naga mage

Vault maps used:
D:1:      dpeg_arrival_arbitrary_b
D:2:      first_bread, uniq_jessica, uniq_natasha, uniq_sigmund
D:3:      old_standard_altar, hangedman_decor_growths, minmay_misc_feat_pillars
D:4:      temple_garden, serial_glass, glass_columns_b, glass_columns_b,
          uniq_blork_the_orc, uniq_purgy
D:5:      nicolae_overflow_hidden_temple, uniq_pikel
D:6:      kennysheep_mini, kennysheep_little_box
D:7:      basic_altar, serial_bayou_crossing
D:8:      fiery_altar_vehumet, grunt_temple_overflow_open, grunt_livestock,
          uniq_maurice, uniq_prince_ribbit1, uniq_grum
D:9:      basic_altar
D:10:     due_lair_maze_entry_diamond, makhleb_altar_promises_db, uniq_joseph
D:11:     hiddenorc2_lemuel, minmay_joined_circles
D:12:     minmay_quarter_circles, hangedman_decor_push
D:13:     lightli_vaults_fourway_checkpoint, portal_ice_cave_entry_ice_beasts,
          serial_shops, nicolae_shop_scaring_up_business
D:14:     serial_shops, shop, hangedman_feature_mirror
Lair:1:   lab_entry_generic, grunt_megastairs_3
Lair:2:   ldierk_geyser, st_stairs_8, lemuel_fruit_fields
Lair:3:   minmay_snake_entry_guardpost_medium, roderic_batcave,
          serial_bayou_shore_a
Lair:4:   beast_lair_carwin_large_1, minmay_swamp_entry_worms,
          serial_bayou_ford_a
Lair:5:   special_room
Lair:6:   dragon1_lemuel, slime_altar_2, nicolae_volcano_entry_vermiform,
          worms_lemuel
Lair:7:   lemuel_fruit_fields
Lair:8:   hangedman_lair_caniforms_friends, wormcave, serial_bayou_pond_d
Snake:1:  basic_altar
Snake:2:  uniq_kirke, uniq_norris
Orc:2:    nicolae_orc_tapped_out, uniq_harold, uniq_snorg
Orc:3:    basic_altar, nicolae_orc_pool_cavern
Orc:4:    st_orc_mages, uniq_sonja
Lab:      nicolae_lab_hexagon, nicolae_lab_do_over, lab_hedge,
          labyrinth_glass_1, nicolae_lab_garden
IceCv:    ice_cave_statue_garden_02
Volcano:  volcano_lake

Action                   |  1- 3 |  4- 6 |  7- 9 | 10-12 | 13-15 | 16-18 || total
-------------------------+-------+-------+-------+-------+-------+-------++-------
Melee: Flail             |    59 |    96 |   112 |  1097 |   560 |       ||  1924
       Whip              |       |       |   374 |   137 |       |       ||   511
       Unarmed           |       |       |       |    21 |       |       ||    21
       Morningstar       |       |       |       |       |  1258 |   300 ||  1558
       Trident           |       |       |       |       |    55 |       ||    55
Throw: Stone             |       |       |       |     6 |       |       ||     6
       Tomahawk          |       |       |       |       |    56 |     3 ||    59
       Throwing net      |       |       |       |       |     1 |       ||     1
Invok: Sacrifice Skill   |       |       |     1 |       |       |       ||     1
       Sacrifice Words   |       |       |     1 |       |       |       ||     1
       Sacrifice an Eye  |       |       |       |     1 |       |       ||     1
       Power Leap        |       |       |       |     9 |    47 |     9 ||    65
       Draw Out Power    |       |       |       |     1 |     2 |     1 ||     4
       Sacrifice Love    |       |       |       |     1 |       |       ||     1
       Apocalypse        |       |       |       |     1 |     2 |       ||     3
       Sacrifice Essence |       |       |       |     1 |       |       ||     1
       Sacrifice Nimblen |       |       |       |       |     1 |       ||     1
Evoke: Wand              |       |       |       |     4 |    14 |     1 ||    19
       Disc of storms    |       |       |       |       |     4 |       ||     4
       Phial of floods   |       |       |       |       |     2 |       ||     2
  Use: Scroll            |       |       |     8 |    19 |    14 |       ||    41
       Potion            |       |       |     2 |     9 |     8 |     1 ||    20
 Stab: Invisible         |       |       |       |     4 |    21 |     6 ||    31
       Distracted        |       |       |       |     2 |     9 |     1 ||    12
       Paralysed         |       |       |       |     2 |    13 |       ||    15
  Eat: Chunk             |       |     7 |    16 |    32 |    49 |     6 ||   110
       Pizza             |       |       |     1 |     1 |     7 |       ||     9
       Fruit             |       |       |       |       |     8 |     7 ||    15
       Beef jerky        |       |       |       |       |     2 |       ||     2
